[Event "Czech Youth U12 Boys 2024"]
[Site "Kouty nad Desnou"]
[Date "2024.03.13"]
[Round "6.1"]
[White "Artamonov, Mikhail"]
[Black "Honcharov, Makar"]
[Result "0-1"]
[ECO "C44"]
[WhiteElo "1727"]
[BlackElo "1872"]
[Annotator "NA RC"]
[PlyCount "84"]
[EventDate "2024.03.10"]
[EventType "swiss"]
[EventCountry "CZE"]
[SourceTitle "playchess.com"]
[Source "ChessBase"]
[SourceQuality "1"]
[TimeControl "40/5400+30:1800+30"]

1. e4 e5 2. Nf3 Nc6 3. d3 g6 4. g3 Bg7 5. Bg2 Nge7 6. O-O {[%emt 0:01:36] C44: Ponziani Opening and Scotch Gambit.} O-O 7. Nfd2 d5 8. Nc3 Be6 9. Ne2 Qd7 10. exd5 Nxd5 11. Ne4 Qe7 12. Be3 Nxe3 13. fxe3 f5 14. N4c3 Rad8 15. Qe1 a6 (15... Bh6 $142 16. e4 Nb4) 16. Rd1 (16. Bxc6 $17 {was necessary.} bxc6 17. Rd1) 16... Rd6 17. e4 Qd7 18. Nd5 (18. Kh1 $15 {is more appropriate.}) 18... Ne7 ({Black should play} 18... g5) 19. Nec3 c6 20. Nxe7+ Qxe7 21. Kh1 Kh8 ({Vorzuziehen ist} 21... f4 $19 22. gxf4 Bg4 (22... exf4 $2 23. e5 $17) (22... Rxf4 23. Rxf4 exf4 24. e5 $17)) 22. Qe3 Rd7 23. Na4 Rd4 24. Nc3 {[%emt 0:01:18] [#]} (24. exf5 $1 $15 gxf5 (24... Bxa2 $2 {is the wrong capture.} 25. b3 $18) 25. b3) 24... Rfd8 (24... f4 $1 $17 25. Qd2 g5) 25. Rde1 Qc7 (25... f4 $15 26. gxf4 exf4 27. Qxf4 Rb4) 26. Qe2 (26. Ne2 $11 {remains equal.} Ra4 27. a3) 26... b5 27. a3 a5 28. Qe3 b4 29. Ne2 R4d6 30. axb4 axb4 31. Ng1 b3 32. Re2 bxc2 33. Rd2 $1 $11 {[%emt 0:00:54] and White is okay.} Rd4 34. Ne2 R4d6 35. Rc1 $19 Bb3 36. exf5 gxf5 37. d4 Qb6 38. Qf3 exd4 39. Nf4 d3 40. Rxd3 Rxd3 41. Nxd3 Qd4 42. Bf1 Bd5 0-1

[Event "Czech Youth U12 Boys 2024"]
[Site "Kouty nad Desnou"]
[Date "2024.03.13"]
[Round "6.2"]
[White "Policar, Martin"]
[Black "Kala, Jakub"]
[Result "1-0"]
[ECO "A14"]
[WhiteElo "1758"]
[BlackElo "1750"]
[Annotator "NA RC"]
[PlyCount "65"]
[EventDate "2024.03.10"]
[EventType "swiss"]
[EventCountry "CZE"]
[SourceTitle "playchess.com"]
[Source "ChessBase"]
[SourceQuality "1"]
[TimeControl "40/5400+30:1800+30"]

1. c4 e6 2. g3 d5 3. Nf3 Nf6 4. Bg2 Be7 5. O-O O-O 6. Qc2 b6 7. d4 dxc4 8. Ng5 h6 9. Bxa8 hxg5 10. Bg2 Qxd4 11. Bxg5 Nd5 12. Bxe7 Nxe7 13. Rd1 Qe5 14. Na3 b5 15. Rac1 Nbc6 16. Qc3 Ba6 17. Qxe5 Nxe5 18. f4 N5c6 19. Rd7 Nd5 20. Bxd5 exd5 21. Rxc7 Nd4 22. Kf2 Re8 23. e3 Nf5 24. Rxa7 Re6 25. Nc2 Nd6 26. Nb4 Bb7 27. Rd1 Rh6 28. h4 Rg6 29. Nxd5 Ne4+ 30. Kf3 Bxd5 31. Rxd5 Re6 32. Ra8+ Kh7 33. Rh5+ 1-0

[Event "Czech Youth U12 Boys 2024"]
[Site "Kouty nad Desnou"]
[Date "2024.03.13"]
[Round "6.3"]
[White "Kroulik, Stepan"]
[Black "Velim, Vojtech"]
[Result "1-0"]
[ECO "A46"]
[WhiteElo "1683"]
[BlackElo "1889"]
[Annotator "NA RC"]
[PlyCount "77"]
[EventDate "2024.03.10"]
[EventType "swiss"]
[EventCountry "CZE"]
[SourceTitle "playchess.com"]
[Source "ChessBase"]
[SourceQuality "1"]
[TimeControl "40/5400+30:1800+30"]

1. d4 Nf6 2. Nf3 e6 3. Bg5 c5 4. c3 Be7 5. e3 cxd4 6. cxd4 {[%emt 0:01:22] A46: 1 d4 Nf6 2 Nf3 e6: Torre, London and Colle Systems.} Qa5+ 7. Nbd2 Nc6 8. Be2 d5 9. O-O Qd8 10. Rc1 Bd7 11. Re1 h6 12. Bh4 O-O 13. a3 Nh7 14. Bxe7 Qxe7 15. Bb5 Ng5 16. Nxg5 Qxg5 17. Nf3 Qe7 18. Bxc6 bxc6 (18... Bxc6 $11 {might be stronger.} 19. Rc3 Rfc8) 19. Rc5 Rfb8 20. Qc2 Rb5 21. Rc1 f6 22. Rxb5 cxb5 23. Qb3 a5 24. Rc5 b4 25. h3 Qd6 26. axb4 axb4 27. Qxb4 Ra1+ (27... Qb8 $11 {kam in Betracht.} 28. Qxb8+ Rxb8) 28. Ne1 Qa6 {[%emt 0:00:58] [#]} (28... Be8 $142) 29. Qd2 ({White should try} 29. Kh2 $1 Qe2 30. Nf3) 29... Ra2 (29... h5 $142) 30. Kh2 Qa4 31. Nd3 Qb3 32. Rc2 (32. Qc3 $142 Qxc3 33. Rxc3) 32... Ba4 (32... Qb8+ $16 33. Kg1 Ba4) 33. Rc8+ Kh7 34. Nc5 $1 Qb5 $18 35. Nd3 Qb7 36. Rc5 Qb3 37. Ra5 Bb5 38. Nc1 Qc4 39. Nxa2 1-0

[Event "Czech Youth U12 Boys 2024"]
[Site "Kouty nad Desnou"]
[Date "2024.03.13"]
[Round "6.4"]
[White "Zrust, Lukas"]
[Black "Hladky, Mikulas"]
[Result "1/2-1/2"]
[ECO "A22"]
[WhiteElo "1893"]
[BlackElo "1798"]
[Annotator "NA RC"]
[PlyCount "103"]
[EventDate "2024.03.10"]
[EventType "swiss"]
[EventCountry "CZE"]
[SourceTitle "playchess.com"]
[Source "ChessBase"]
[SourceQuality "1"]
[TimeControl "40/5400+30:1800+30"]

1. c4 e5 2. Nc3 Nf6 3. g3 c6 4. Bg2 Be7 5. d3 O-O 6. Nf3 d6 7. O-O Bg4 8. h3 Bxf3 9. Bxf3 Na6 10. Rb1 d5 11. cxd5 cxd5 12. a3 (12. Bg5 $1 $14 {was preferrable.}) 12... Nc7 13. b4 (13. Bg5 $142) 13... Rc8 14. Bd2 b6 15. Qa4 a6 16. Bg2 d4 17. Na2 (17. Ne4 $5) 17... b5 18. Qb3 Ne6 19. Rbc1 Qd7 20. Rxc8 Rxc8 21. Rc1 Rxc1+ 22. Nxc1 h6 23. Qc2 Qc7 24. Qxc7 Nxc7 25. e4 ({Besser ist} 25. f4 $16) 25... Bd6 (25... a5 $1 $11 {kam in Betracht.}) 26. Nb3 Ne6 27. Kf1 Kf8 28. Ke2 Ke7 29. h4 Ne8 30. Bh3 N8c7 31. Bxe6 Nxe6 32. Kf3 Kf6 33. Kg4 Ke7 34. f4 f6 35. fxe5 fxe5 36. Na5 $2 ({White must play} 36. Kf5 $18) 36... Nd8 37. Kf5 Kf7 38. h5 $18 Bc7 39. Nb3 Bd6 40. Na5 Bc7 41. Nb3 Bd6 42. g4 Nc6 43. g5 Ne7+ 44. Kg4 hxg5 45. Bxg5 Nc6 46. Bd2 Kf6 47. Bg5+ Kf7 48. Bd2 Kf6 49. h6 gxh6 50. Bxh6 Ke6 51. Bg5 Bf8 52. Bd2 1/2-1/2

[Event "Czech Youth U12 Boys 2024"]
[Site "Kouty nad Desnou"]
[Date "2024.03.13"]
[Round "6.5"]
[White "Kolar, Edvard"]
[Black "Sochor, Vaclav"]
[Result "1-0"]
[ECO "D05"]
[WhiteElo "1759"]
[BlackElo "1826"]
[Annotator "NA RC"]
[PlyCount "77"]
[EventDate "2024.03.10"]
[EventType "swiss"]
[EventCountry "CZE"]
[SourceTitle "playchess.com"]
[Source "ChessBase"]
[SourceQuality "1"]
[TimeControl "40/5400+30:1800+30"]

1. d4 e6 2. Nf3 d5 3. e3 Nf6 4. Bd3 c5 5. b3 Nc6 6. a3 Bd6 7. Bb2 O-O {[%emt 0:01:25] D05: Colle System with ...e6.} 8. Nbd2 Re8 9. Ne5 Qc7 10. f4 Nd7 11. Bxh7+ Kf8 12. Bd3 Nf6 13. O-O cxd4 14. exd4 Qb6 15. Ndf3 Bd7 16. Nxc6 Bxc6 17. Ne5 Rac8 18. g4 Nd7 19. Rf2 a5 20. g5 g6 $18 (20... Ke7 {was worth a try.} 21. Qh5 f5 22. Nxc6+ Rxc6) 21. h4 Kg7 22. h5 Bxe5 23. fxe5 Bb5 24. Qf1 Bxd3 25. Rxf7+ Kg8 26. cxd3 Nxe5 27. Rf6 Rc2 28. Qf4 Qc7 29. dxe5 Rxb2 30. Rxg6+ Kh7 31. Qf6 Qc5+ 32. Kf1 Rf2+ 33. Qxf2 Rf8 34. Rf6 Rxf6 35. exf6 Qc3 36. g6+ Kh6 37. Rd1 Qxb3 38. Qd2+ Kxh5 39. g7 1-0

[Event "Czech Youth U12 Boys 2024"]
[Site "Kouty nad Desnou"]
[Date "2024.03.13"]
[Round "6.6"]
[White "Frantsev, Iegor"]
[Black "Bara, Jan"]
[Result "0-1"]
[ECO "B76"]
[WhiteElo "1721"]
[BlackElo "1852"]
[Annotator "NA RC"]
[PlyCount "164"]
[EventDate "2024.03.10"]
[EventType "swiss"]
[EventCountry "CZE"]
[SourceTitle "playchess.com"]
[Source "ChessBase"]
[SourceQuality "1"]
[TimeControl "40/5400+30:1800+30"]

1. e4 c5 2. Nf3 d6 3. d4 cxd4 4. Nxd4 Nf6 5. Nc3 g6 6. Be3 Bg7 7. f3 O-O 8. Qd2 Nc6 9. O-O-O d5 10. exd5 Nxd5 11. Nxc6 bxc6 12. Bd4 Nf6 {[%emt 0:13:45] B76: Sicilian Dragon: Yugoslav Attack, 9 g4 and 9 0-0-0.} 13. g4 Be6 14. h4 Qa5 15. a3 c5 16. Be5 Rad8 17. Qh2 Rxd1+ 18. Nxd1 c4 (18... h5 $11 {scheint genauer.}) 19. Bc3 Qb6 20. h5 Bh6+ 21. Bd2 Bxd2+ 22. Qxd2 Rd8 23. Qh2 (23. Qe1 $11) 23... Qd4 24. Bh3 Nd5 25. hxg6 hxg6 26. Bg2 Qf4+ 27. Qxf4 Nxf4 28. Ne3 c3 29. Bf1 cxb2+ 30. Kxb2 Rb8+ 31. Kc3 Rc8+ 32. Bc4 Nd5+ 33. Kd3 Nxe3 34. Bxe6 fxe6 35. Kxe3 Rxc2 36. Ra1 Kf7 37. Kf4 Rc4+ 38. Ke5 Rc5+ 39. Kf4 Kf6 40. a4 Rc4+ 41. Ke3 Ke5 ({Vorzuziehen ist} 41... a5 $19 42. Kf2 Rc2+ 43. Ke3 Rc3+ 44. Kf2 Rc2+ 45. Ke3 Rc3+ 46. Kf2 e5) 42. Ra3 Rb4 43. a5 a6 44. Rc3 Rb5 45. Ra3 g5 46. Ra4 Rb3+ 47. Ke2 Kd5 48. Kf2 Rc3 49. Ke2 (49. f4 $1 $11) 49... Rc4 $2 (49... Rc5 $17 50. Ke3 e5) 50. Ra3 e5 51. Rd3+ {[%emt 0:00:38] [#]} Rd4 $1 52. Ra3 $2 (52. Rb3 $17 {was worth a try.}) 52... e4 53. Ke3 exf3 54. Kxf3 Rf4+ 55. Kg3 e5 56. Rd3+ Rd4 57. Ra3 Kc5 $2 ({Vorzuziehen ist} 57... e4 $19 58. Ra1 Ke5) 58. Rf3 Rf4 59. Re3 e4 60. Rc3+ Kb4 61. Rc1 Rf3+ 62. Kg2 Rc3 63. Re1 Rc4 64. Rd1 Kc5 65. Rf1 $2 (65. Kf2 $17 {war die einzige Verteidigung.}) 65... Kb4 66. Rd1 $19 Kxa5 67. Rd5+ Kb4 68. Rxg5 a5 69. Rg8 a4 70. Rb8+ Kc3 71. Ra8 Kd3 72. g5 Ke2 73. g6 Rc6 74. Rxa4 Rxg6+ 75. Kh2 e3 76. Ra8 Ke1 77. Rc8 Rg5 78. Ra8 e2 79. Kh3 Kf2 80. Ra2 Rg3+ 81. Kh2 Rg6 82. Kh3 Kf1 0-1

[Event "Czech Youth U12 Boys 2024"]
[Site "Kouty nad Desnou"]
[Date "2024.03.13"]
[Round "6.7"]
[White "Sudrich, Radek"]
[Black "Sotek, Matej"]
[Result "1-0"]
[ECO "B15"]
[WhiteElo "1998"]
[BlackElo "1716"]
[Annotator "RC"]
[PlyCount "93"]
[EventDate "2024.03.10"]
[EventType "swiss"]
[EventCountry "CZE"]
[SourceTitle "playchess.com"]
[Source "ChessBase"]
[SourceQuality "1"]
[TimeControl "40/5400+30:1800+30"]

1. e4 c6 2. d4 d5 3. Nc3 e6 4. Nf3 Nf6 5. e5 Nfd7 6. Bd3 c5 7. Bf4 a6 8. dxc5 Bxc5 9. Ng5 Qb6 10. O-O Qxb2 11. Na4 Qb4 12. Nxc5 Nxc5 13. Bd2 Qb6 14. Qf3 Qc7 15. Rac1 Nc6 16. Bf4 Nxd3 17. cxd3 h6 18. Qh3 Qe7 19. Nf3 Bd7 20. Qg3 g5 21. Be3 Qb4 22. Rb1 Qa4 23. Rxb7 g4 24. Nh4 h5 25. f4 Na5 26. Rc7 d4 27. Bf2 Nc6 28. Rc1 Qb5 29. f5 Qb6 30. fxe6 fxe6 31. Ng6 Rg8 32. R1xc6 Bxc6 33. Re7+ Kd8 34. Qh4 Kc8 35. Rxe6 Kb7 36. Qe7+ Qc7 37. Qb4+ Bb5 38. Re7 Rxg6 39. Rxc7+ Kxc7 40. Qe7+ Bd7 41. Bxd4 Re6 42. Qc5+ Rc6 43. Qa5+ Kb7 44. Be3 Re8 45. d4 Rb6 46. Qd5+ Rc6 47. Qxd7+ 1-0

[Event "Czech Youth U12 Boys 2024"]
[Site "Kouty nad Desnou"]
[Date "2024.03.13"]
[Round "6.8"]
[White "Sochor, Antonin"]
[Black "Krisica, Lukas"]
[Result "0-1"]
[ECO "B41"]
[WhiteElo "1779"]
[BlackElo "1531"]
[Annotator "NA RC"]
[PlyCount "134"]
[EventDate "2024.03.10"]
[EventType "swiss"]
[EventCountry "CZE"]
[SourceTitle "playchess.com"]
[Source "ChessBase"]
[SourceQuality "1"]
[TimeControl "40/5400+30:1800+30"]

1. e4 c5 2. Nf3 e6 3. d4 cxd4 4. Nxd4 a6 5. c4 b6 6. Nc3 Bb7 7. Be3 d6 8. Be2 Nd7 9. O-O Ngf6 10. f3 Be7 11. Qd2 O-O 12. Rad1 Rc8 13. Rfe1 Qc7 14. Bf1 Rfd8 15. Qf2 Nc5 16. b4 Ncd7 17. Rc1 Ne5 18. Nd1 Qb8 19. Nb2 Rc7 20. Nb3 Rdc8 21. Bxb6 Rc6 22. Na5 d5 23. Nxc6 Rxc6 24. exd5 exd5 25. Bd4 Ng6 26. c5 Bd8 27. g3 Bc8 28. a3 Bc7 29. Nd3 h6 30. Rc2 Nh5 31. Kg2 Bf5 32. Rb2 Bxd3 33. Bxd3 Nhf4+ 34. gxf4 Nxf4+ 35. Kh1 Nxd3 36. Qe2 Nxe1 37. Qxe1 Rg6 38. Re2 Kh7 39. Be5 Bxe5 40. Rxe5 Qd8 41. Qd2 d4 42. Re4 Qf6 43. Qd1 d3 44. Re1 d2 45. Rf1 Qd4 46. Qe2 Re6 47. Qd1 Qe3 48. Qc2+ Kg8 49. c6 Qe1 50. Kg2 Re2+ 51. Kg1 Qxf1+ 52. Kxf1 Re1+ 53. Kf2 d1=Q 54. Qxd1 Rxd1 55. a4 Rc1 56. b5 axb5 57. axb5 Rc5 58. Ke3 Rxb5 59. Kd4 Rb8 60. Kd5 Kf8 61. Kd6 Ke8 62. Kc7 Rd8 63. Kb7 Ke7 64. c7 Rg8 65. c8=Q Rxc8 66. Kxc8 f5 67. Kc7 Ke6 0-1

[Event "Czech Youth U12 Boys 2024"]
[Site "Kouty nad Desnou"]
[Date "2024.03.13"]
[Round "6.9"]
[White "Fadrny, Jachym"]
[Black "Havlik, David"]
[Result "1/2-1/2"]
[ECO "A56"]
[WhiteElo "1729"]
[BlackElo "1580"]
[Annotator "NA RC"]
[PlyCount "89"]
[EventDate "2024.03.10"]
[EventType "swiss"]
[EventCountry "CZE"]
[SourceTitle "playchess.com"]
[Source "ChessBase"]
[SourceQuality "1"]
[TimeControl "40/5400+30:1800+30"]

1. d4 Nf6 2. c4 c5 3. e3 g6 4. Nc3 Bg7 5. Nf3 O-O 6. Bd3 cxd4 7. exd4 d5 8. b3 Bg4 9. Be3 Nc6 10. Be2 dxc4 11. bxc4 Rc8 12. Rb1 b6 13. Nb5 a6 14. Na3 Ne4 15. Qc2 Bf5 16. Bd3 Nd6 17. d5 Bxd3 18. Qxd3 Ne5 19. Nxe5 Bxe5 20. Bxb6 Qd7 21. c5 Nf5 22. Nc4 Bg7 23. O-O Nd4 24. Ne3 f5 25. Rfd1 f4 26. c6 Nxc6 27. dxc6 Qxd3 28. Rxd3 fxe3 29. Rxe3 Rxc6 30. Ba5 Bd4 31. Re2 e5 32. Kf1 Rcf6 33. f3 Rf4 34. Bd2 Rh4 35. h3 e4 36. f4 e3 37. Bxe3 Bxe3 38. Rxe3 Rhxf4+ 39. Kg1 Rf2 40. Ra3 Rd2 41. Rf1 Rc8 42. Rxa6 Rcc2 43. Ra1 Rxg2+ 44. Kf1 Rgf2+ 45. Kg1 1/2-1/2

[Event "Czech Youth U12 Boys 2024"]
[Site "Kouty nad Desnou"]
[Date "2024.03.13"]
[Round "6.10"]
[White "Hanzel, Martin"]
[Black "Gresek, Oskar"]
[Result "1/2-1/2"]
[ECO "B01"]
[WhiteElo "1474"]
[BlackElo "1629"]
[Annotator "NA RC"]
[PlyCount "73"]
[EventDate "2024.03.10"]
[EventType "swiss"]
[EventCountry "CZE"]
[SourceTitle "playchess.com"]
[Source "ChessBase"]
[SourceQuality "1"]
[TimeControl "40/5400+30:1800+30"]

1. e4 d5 2. exd5 Nf6 3. Nf3 Nxd5 4. d4 c6 5. c4 Nf6 6. Nc3 Bg4 7. Be2 e6 8. Be3 Nbd7 9. h3 Bh5 10. g4 Bg6 11. Nh4 Be7 12. Nxg6 hxg6 13. Qc2 Nb6 14. O-O-O Qc7 15. Kb1 O-O-O 16. Qb3 Kb8 17. Bf3 Ka8 18. d5 exd5 19. cxd5 Nfxd5 20. Nxd5 Nxd5 21. Bxd5 cxd5 22. Rxd5 Rxd5 23. Qxd5 Qc6 24. Qxc6 bxc6 25. Rd1 Rd8 26. Rxd8+ Bxd8 27. Bd4 f6 28. Kc2 Kb7 29. Kc3 a6 30. Bc5 g5 31. Kd4 g6 32. Ke4 Kc7 33. f4 gxf4 34. Kxf4 Kd7 35. h4 Ke6 36. h5 Bc7+ 37. Ke4 1/2-1/2

[Event "Czech Youth U12 Boys 2024"]
[Site "Kouty nad Desnou"]
[Date "2024.03.13"]
[Round "6.11"]
[White "Malek, Daniel"]
[Black "Novotny, Adam"]
[Result "1/2-1/2"]
[ECO "C42"]
[WhiteElo "2278"]
[BlackElo "2072"]
[Annotator "RC"]
[PlyCount "151"]
[EventDate "2024.03.10"]
[EventType "swiss"]
[EventCountry "CZE"]
[SourceTitle "playchess.com"]
[Source "ChessBase"]
[SourceQuality "1"]
[TimeControl "40/5400+30:1800+30"]

1. e4 e5 2. Nf3 Nf6 3. d3 Nc6 4. Bg5 Bc5 5. Nc3 d6 6. Nd5 Be6 7. Nxf6+ gxf6 8. Bh4 Qe7 9. Qd2 Rg8 10. Qh6 Rg6 11. Qxh7 Qf8 12. Bxf6 Rxf6 13. Qh4 Qg7 14. Qg5 Qxg5 15. Nxg5 Bxf2+ 16. Kd2 Bc5 17. Be2 Rg6 18. Nxe6 Rxe6 19. Raf1 Rg6 20. g3 Rg5 21. c3 a5 22. Rf6 Ke7 23. Rhf1 Rf8 24. R1f3 Rg6 25. R6f5 f6 26. Rh5 Rfg8 27. Rff5 Kd7 28. Rh7+ Ne7 29. Bh5 R6g7 30. Rxg7 Rxg7 31. Rxf6 d5 32. Bf3 d4 33. c4 Rg6 34. Rf8 Rg8 35. Rf6 Nc6 36. Rh6 Rf8 37. Ke2 Nb4 38. a3 Nc6 39. Kf2 Be7 40. h4 Rf6 41. Rh7 Nd8 42. Kg2 Ne6 43. Rh5 Nc5 44. Be2 Kd6 45. b4 axb4 46. axb4 Nb3 47. c5+ Kc6 48. Rxe5 Bf8 49. Bd1 Nc1 50. Ba4+ b5 51. Bc2 Bg7 52. Rf5 Rxf5 53. exf5 Kd5 54. Kf3 Ke5 55. g4 Na2 56. Bb1 Nxb4 57. Kg3 Na6 58. c6 Nb4 59. Kf3 Nxc6 60. Ba2 b4 61. Be6 Na5 62. g5 b3 63. Bxb3 Nxb3 64. f6 Bxf6 65. gxf6 Kxf6 66. Ke4 c5 67. Kd5 Na5 68. Kxc5 Ke5 69. h5 Nb7+ 70. Kc4 Nd6+ 71. Kc5 Nf5 72. Kc4 Nd6+ 73. Kc5 Nf5 74. Kc4 Kf6 75. Kd5 Kg5 76. Ke5 1/2-1/2

[Event "Czech Youth U12 Boys 2024"]
[Site "Kouty nad Desnou"]
[Date "2024.03.13"]
[Round "6.12"]
[White "Zvolanek, Vojtech"]
[Black "Broz, Pavel"]
[Result "0-1"]
[ECO "B06"]
[WhiteElo "1411"]
[BlackElo "1911"]
[Annotator "RC"]
[PlyCount "124"]
[EventDate "2024.03.10"]
[EventType "swiss"]
[EventCountry "CZE"]
[SourceTitle "playchess.com"]
[Source "ChessBase"]
[SourceQuality "1"]
[TimeControl "40/5400+30:1800+30"]

1. e4 g6 2. d4 Bg7 3. Nf3 e6 4. Nc3 Ne7 5. Be3 b6 6. Be2 Bb7 7. Qd2 h6 8. O-O-O d6 9. Rhe1 Nd7 10. e5 dxe5 11. dxe5 Nc6 12. Bf4 a6 13. h4 Ncxe5 14. Bxe5 Nxe5 15. Qxd8+ Rxd8 16. Rxd8+ Kxd8 17. Rd1+ Ke7 18. Ne1 Rd8 19. Rxd8 Kxd8 20. g3 Ke7 21. Kd2 f5 22. f4 Nf7 23. Nf3 e5 24. Ke3 e4 25. Nd4 Bxd4+ 26. Kxd4 c5+ 27. Ke3 Nd6 28. a3 Ke6 29. b3 b5 30. Nd1 c4 31. b4 Nf7 32. c3 g5 33. hxg5 hxg5 34. Kd4 gxf4 35. gxf4 Nh8 36. Nf2 Ng6 37. Nh3 Ne7 38. Ke3 Nc6 39. Bh5 a5 40. Ng5+ Kf6 41. Nh3 Bc8 42. Bd1 Be6 43. Ng5 Bg8 44. Nh3 Kg7 45. Be2 Kh6 46. Ng5 axb4 47. axb4 Bd5 48. Bd1 Kg6 49. Be2 Kf6 50. Bd1 Ke7 51. Be2 Be6 52. Bd1 Kd6 53. Be2 Bc8 54. Bd1 Kd5 55. Be2 Bd7 56. Bd1 Ne7 57. Be2 Nc8 58. Bd1 Nb6 59. Nh3 Na4 60. Bxa4 bxa4 61. Kd2 e3+ 62. Kc2 e2 0-1

[Event "Czech Youth U12 Boys 2024"]
[Site "Kouty nad Desnou"]
[Date "2024.03.14"]
[Round "7.1"]
[White "Honcharov, Makar"]
[Black "Kolar, Edvard"]
[Result "1/2-1/2"]
[ECO "B34"]
[WhiteElo "1872"]
[BlackElo "1759"]
[Annotator "NA RC"]
[PlyCount "128"]
[EventDate "2024.03.10"]
[EventType "swiss"]
[EventCountry "CZE"]
[SourceTitle "playchess.com"]
[Source "ChessBase"]
[SourceQuality "1"]
[TimeControl "40/5400+30:1800+30"]

1. e4 c5 2. Nf3 Nc6 3. d4 cxd4 4. Nxd4 g6 5. Nc3 Bg7 6. Be3 Nf6 7. Be2 O-O 8. Nb3 d6 9. f4 Bd7 10. g4 {[%emt 0:00:23] B72: Sicilian Dragon: 6 Be3, lines with h3+Bc4 and sidelines.} Ne8 11. Qd2 Rc8 12. h4 Nf6 13. Rg1 Nb4 14. a3 Nxe4 15. Nxe4 Nxc2+ 16. Kf2 Nxa1 17. Rxa1 Ba4 18. Nd4 e5 19. Nf3 (19. fxe5 $1 $15 dxe5 (19... Qxh4+ 20. Kg2 $19) 20. Nf3) 19... d5 20. Nc3 exf4 21. Bxa7 Bc6 22. Bd4 Bxd4+ 23. Qxd4 Re8 24. Rd1 Qe7 25. Qxf4 Rcd8 26. Qd4 Rd6 27. Bd3 Qd7 (27... Qf6 $16 28. Qxf6 Rxf6) 28. h5 Rd8 (28... Qd8 $16 29. g5 gxh5) 29. Rh1 Qe7 30. g5 Re6 (30... Qf8 $142 31. Rh4 Re8) 31. Ne2 Re4 32. Bxe4 dxe4 33. Qe5 Qxe5 34. Nxe5 e3+ 35. Kxe3 Bxh1 36. hxg6 hxg6 37. Ng4 Bc6 38. Nf6+ Kg7 39. Nd4 Bd5 40. b4 Bc4 41. a4 b6 42. b5 Ra8 43. Ke4 Rxa4 44. Ke5 Ra5 45. Ne8+ Kf8 46. Nd6 Bd3 47. Kd5 Ra1 48. Kc6 Rg1 49. Nf3 Rg3 50. Ne5 {[%emt 0:00:20] [#]} Bxb5+ $2 51. Kxb5 $4 (51. Nxb5 $17 Rxg5 52. Nd7+ Kg7 53. Nxb6) 51... Rxg5 52. Ndxf7 Rf5 53. Kxb6 $19 Rxf7 54. Nxg6+ Kg7 55. Ne5 Re7 56. Nc6 Re6 57. Kc5 Kf6 58. Kd5 Re1 59. Nd4 Re8 60. Nc6 Kf5 61. Kd6 Ke4 62. Kd7 Rh8 63. Kd6 Rh5 64. Ne7 Rh6+ 1/2-1/2

[Event "Czech Youth U12 Boys 2024"]
[Site "Kouty nad Desnou"]
[Date "2024.03.14"]
[Round "7.2"]
[White "Kroulik, Stepan"]
[Black "Policar, Martin"]
[Result "0-1"]
[ECO "A16"]
[WhiteElo "1683"]
[BlackElo "1758"]
[Annotator "NA RC"]
[PlyCount "62"]
[EventDate "2024.03.10"]
[EventType "swiss"]
[EventCountry "CZE"]
[SourceTitle "playchess.com"]
[Source "ChessBase"]
[SourceQuality "1"]
[TimeControl "40/5400+30:1800+30"]

1. c4 Nf6 2. Nc3 d5 3. cxd5 Nxd5 4. g3 g6 5. Bg2 Nxc3 6. bxc3 Bg7 7. Rb1 O-O 8. e4 c5 9. Ne2 Nc6 10. O-O c4 11. Nf4 Ne5 12. Ba3 Rb8 13. Qc2 Re8 14. h3 Nd3 15. Nxd3 Qxd3 16. Qxd3 cxd3 17. f4 Be6 18. Rb2 Bc4 19. Rf3 b5 20. Bc5 a5 21. a3 Red8 22. Bxe7 Rd7 23. Bc5 Bxc3 24. dxc3 d2 25. Rxd2 Rxd2 26. f5 Bd3 27. fxg6 hxg6 28. Re3 Rc8 29. Bb6 b4 30. Bxa5 b3 31. c4 Rd1+ 0-1

[Event "Czech Youth U12 Boys 2024"]
[Site "Kouty nad Desnou"]
[Date "2024.03.14"]
[Round "7.3"]
[White "Velim, Vojtech"]
[Black "Artamonov, Mikhail"]
[Result "1-0"]
[ECO "E93"]
[WhiteElo "1889"]
[BlackElo "1727"]
[Annotator "NA"]
[PlyCount "177"]
[EventDate "2024.03.10"]
[EventType "swiss"]
[EventCountry "CZE"]
[SourceTitle "playchess.com"]
[Source "ChessBase"]
[SourceQuality "1"]
[TimeControl "40/5400+30:1800+30"]

1. Nf3 Nf6 2. c4 d6 3. d4 g6 4. Nc3 Bg7 5. e4 O-O 6. Be2 e5 7. d5 Nbd7 8. Bg5 h6 9. Bh4 g5 10. Bg3 Nc5 11. Nd2 a5 {[%emt 0:00:31] E93: Königsindisch (Klassisches System).} 12. b3 Nfxe4 13. Ndxe4 Nxe4 14. Nxe4 f5 15. Bd3 fxe4 16. Bxe4 Qf6 17. O-O Bf5 18. f3 Rf7 19. Qd2 Raf8 20. Qd3 (20. Rae1 $14) 20... Qg6 21. Rae1 h5 22. Bxf5 Rxf5 23. a3 Qf6 24. h3 h4 (24... b6 $14) 25. Bf2 Re8 26. Re4 Rf8 27. Be3 Qg6 28. Rg4 R8f6 29. Qe4 Qh6 (29... b6 $16 {was worth a try.} 30. b4 axb4) 30. Rb1 Qg6 31. b4 axb4 32. Rxb4 b6 33. Ra4 Bh6 34. Ra7 Qf7 $2 (34... Rf7 {ist eine bessere Verteidigung.} 35. c5 dxc5) 35. a4 Rf4 36. Bxf4 exf4 37. Ra8+ Kg7 38. Re8 Qg6 39. Qe7+ (39. Re7+ Rf7 40. Qd4+ (40. Qxg6+ Kxg6 41. Re6+ Kh5 $18) 40... Qf6 41. Qxf6+ Kxf6 42. Re6+ Kg7 $18) 39... Rf7 40. Qd8 Qb1+ 41. Kh2 Qf5 42. Rg8+ Kh7 43. Rh8+ (43. Qb8 $142) 43... Kg6 44. Qg8+ Rg7 45. Qe8+ Rf7 46. Qd8 Bg7 $2 (46... Qf6 47. Qe8 Qe7 48. Qg8+ Rg7) 47. Re8 $2 (47. Qg8) 47... Bf6 48. Qb8 Qd7 49. Re6 Kg7 50. Re8 $2 (50. a5 $18 bxa5 51. Qb1) 50... Qxa4 51. Rg8+ Kh7 52. Qc8 $2 (52. R8xg5 {setzt Matt} Bxg5 53. Rxg5 Rg7 54. Rh5+ (54. Rxg7+ Kxg7 55. Qxc7+ Kg8 $18) 54... Kg6 55. Rxh4 (55. Qh8 Qd7 $18) 55... Qd7 56. Qh8 (56. Rxf4 Qe7 $18) 56... Rh7 57. Rg4+ Qxg4 58. Qe8+ Rf7 59. fxg4 (59. hxg4 Kg7 $18)) 52... Qxc4 $2 (52... Qd7 $16) 53. Re8 Qxd5 54. Re4 (54. Qb8) 54... Rg7 $2 (54... c5 $19 55. Qa6 Re7 56. Rxe7+ (56. Qxb6 $2 {loses.} Rxe4 57. fxe4 Qe5 $19) 56... Bxe7) 55. Qe8 $2 Qf7 56. Qc8 Qd7 57. Qa6 d5 58. Re1 d4 59. Qd3+ Kh8 (59... Kh6 $142 60. Qb3 Re7 61. Rxe7 Bxe7) 60. Ra1 (60. Qe4 {ist wohl besser.}) 60... Qd5 61. Re1 Rg8 62. Ra1 Qd7 63. Ra7 $2 (63. Qe4 d3 64. Rd1) 63... Kg7 64. Qc4 Rc8 65. Qd3 Qe6 66. Qc2 Bd8 (66... Kh6 $142 67. Qd3 Qd7) 67. Qd3 Qf6 68. Qa6 Rb8 69. Qc4 {[%emt 0:00:10] [#]} Qe5 ({Black should try} 69... b5 $1 $17 70. Qd5 (70. Rxc7+ $2 Kh6 $19) 70... Kh6) 70. Ra2 b5 71. Qd3 $2 (71. Qc6 {was the only chance.}) 71... Rb7 72. Re2 Qd5 73. Re4 $19 Qc4 74. Qd2 Bf6 75. Qxf4 Qc5 76. Qd2 Be5+ 77. f4 Bf6 78. fxg5 Be5+ 79. Kh1 Ra7 80. Re1 Bg3 81. Rc1 Qe5 82. Rxd4 Qf5 83. Rd7+ Kg6 84. Rc6+ Bd6 85. Rcxd6+ cxd6 86. Qxd6+ Kxg5 87. Rxa7 Qf1+ 88. Kh2 Qf5 89. Re7 1-0